AoeStats
← Melle

Arabia

506944253Analyzed
2v2 RM · 15d ago on Sep 15, 2026· 40m 36s· 4 players
Game mode
Random Map
Map size
Medium (4 player)
Population
200
Speed
Normal
Resources
Standard
Victory
Conquest
Starting age
Dark Age
Ending age
Imperial Age
RankedLock teamsTeams togetherTeam positionsShared explorationLock speedFull tech treeHidden civsTurbo modeCheats
Victory
Defeat
🇫🇷 Persians · France
716
+14
🇫🇷 Spanish · France
683
+15
🇨🇱 Georgians · Chile
712
-16
🇦🇷 Persians · Argentina
633
-13
GVBO
5:45 Loom
10:24 Feudal Age
14:04 Bloodlines
23:44 Castle Age
22:26 Scale Barding Armor
30:17 Double-Bit Axe
33:05 Chain Barding Armor
38:06 Imperial Age
35:19 Horse Collar
35:52 Bow Saw
36:11 Pikeman
36:52 Squires
36:37 Arson
Melle
11:05 Feudal Age
12:11 Double-Bit Axe
12:12 Horse Collar
15:16 Bloodlines
18:42 Forging
20:29 Gold Mining
21:19 Wheelbarrow
26:38 Castle Age
25:28 Scale Barding Armor
28:24 Husbandry
28:36 Heavy Plow
28:50 Bow Saw
30:17 Hand Cart
30:04 Pikeman
30:45 Squires
31:01 Scale Mail Armor
33:22 Iron Casting
33:08 Chain Barding Armor
35:38 Stone Mining
36:23 Gold Shaft Mining
herino.martin
9:44 Feudal Age
10:04 Double-Bit Axe
10:01 Horse Collar
14:53 Gold Mining
17:21 Wheelbarrow
16:33 Loom
22:19 Castle Age
22:27 Castle Age
21:18 Bloodlines
22:34 Stone Mining
23:00 Husbandry
23:10 Heavy Plow
23:22 Bow Saw
22:38 Pikeman
23:18 Squires
25:54 Scale Barding Armor
26:00 Forging
29:14 Gold Shaft Mining
30:55 Wheelbarrow
32:19 Stone Shaft Mining
33:55 Iron Casting
33:41 Chain Barding Armor
33:59 Gambesons
36:05 Scale Mail Armor
39:11 Hand Cart
43:01 Imperial Age
MLF
10:53 Feudal Age
15:03 Double-Bit Axe
20:32 Loom
24:26 Scale Barding Armor
24:31 Forging
26:30 Castle Age
27:06 Pikeman
28:57 Iron Casting
28:48 Bow Saw
36:45 Ballistics
38:37 Horse Collar
39:00 Gold Mining
Connection lost

Rejoining the realm…

Still unreachable

The connection could not be restored.

Session expired

The server has moved on; the page needs a fresh start.